[Event "ESP-ch Teams Primera 2022"]
[Site "Sanxenxo Pontevedra"]
[Date "2022.09.23"]
[Round "7.14"]
[White "Lorenzo De La Riva, Lazaro"]
[Black "Rubio Mejia, Luis Ignacio"]
[Result "0-1"]
[ECO "E46"]
[WhiteElo "2430"]
[BlackElo "2399"]
[Annotator "TA"]
[PlyCount "184"]
[EventDate "2022.09.17"]
[EventType "team-tourn"]
[EventCountry "ESP"]
[SourceTitle "playchess.com"]
[Source "ChessBase"]
[SourceQuality "1"]
[TimeControl "5400+30"]

1. d4 Nf6 2. c4 e6 3. Nc3 Bb4 4. e3 O-O 5. Bd2 c5 6. a3 {E46: Nimzo-Indian: Rubinstein: 4 e3 0-0 5 Ne2 without early Bd3.} Bxc3 7. Bxc3 Ne4 8. Rc1 {The position is equal.} d6 9. Nf3 b6 10. Be2 Bb7 11. O-O Nxc3 12. Rxc3 Nd7 13. b4 Qe7 14. Nd2 {[#]} Rac8 $146 ({Predecessor:} 14... a5 15. Bf3 axb4 16. axb4 cxb4 17. Rb3 d5 18. cxd5 Bxd5 19. Bxd5 exd5 20. Rb2 Ra3 {0-1 (68) Dzagnidze,N (2515)-Kosteniuk,A (2504) Saint Louis 2020}) 15. Bf3 Nf6 16. Re1 Rfd8 17. Nb3 (17. Qc2 $11) 17... Be4 (17... cxb4 $17 18. axb4 Bxf3 19. Qxf3 Nd5 $1) 18. Be2 (18. Bxe4 $1 $11 Nxe4 19. Rc1 (19. Rc2 f5 $11)) 18... Bb7 (18... cxb4 $17 19. axb4 Nd5) 19. Rc2 Bc6 (19... a5 $5) 20. Qc1 Ba4 21. Qb2 (21. Qb1 $11) 21... e5 (21... d5 $15) 22. Rcc1 $11 g6 23. Nd2 Bc6 24. b5 Bb7 25. d5 e4 26. a4 Re8 27. a5 Rb8 ({Don't take} 27... bxa5 28. Nb3 $16) 28. Ra1 Qe5 (28... Nd7 $11) 29. Qxe5 $16 Rxe5 30. axb6 axb6 31. Ra7 Kf8 32. Bd1 Ke8 33. Bc2 Kd8 34. Rea1 Kc7 35. h3 Rbe8 36. Kh2 Kb8 37. R7a3 Kc7 38. Nf1 Bc8 39. Ng3 R8e7 40. Rf1 Nd7 41. Rfa1 Re8 42. Nf1 Nf6 43. Re1 Nh5 44. Bd1 Nf6 45. Be2 R5e7 46. g4 Re5 47. Ng3 h6 48. Rea1 R5e7 49. Ra7+ Bb7 50. Kg2 Re5 51. Bd1 Kb8 52. R7a4 Kc7 53. Ne2 (53. h4 $16) 53... h5 $11 54. gxh5 (54. Nc3 $11) 54... Rxh5 $15 55. Ng3 Rh4 56. Bc2 {[#]} Bc8 (56... Nd7 $1 $17 57. Rh1 (57. Ra7 f5 $17) 57... Kb8) 57. Ra7+ $11 Bb7 58. Ne2 ({Only move:} 58. R7a4 $1 $11) 58... Reh8 (58... Nd7 $142 59. Nc3 f5) 59. Ng1 (59. Nc3 $17 {might work better.}) 59... Nh7 (59... Nd7 $19 60. Bd1 f5) 60. Kf1 $17 Ng5 61. Ke2 Re8 (61... f5 $142 62. Kd2 Kb8) 62. Kd2 Nxh3 63. Nxh3 Rxh3 64. Rg1 Rh2 65. Ke2 Kb8 66. Raa1 Bc8 {Against Rg4} 67. Ra2 Re5 68. Ke1 Rh4 69. Bd1 Re8 70. Be2 Reh8 71. Kd2 (71. Kf1 $17 {was called for.}) 71... Rh1 72. Raa1 R1h2 73. Ke1 Bf5 74. Ra6 Kb7 75. Ra1 Rh1 $36 {[%mdl 2048] Black is in control.} 76. Kd2 Rxg1 77. Rxg1 {[%mdl 4096] Endgame KRB-KRB} Rh2 78. Ke1 Bd7 79. Bd1 (79. Bg4 $17 {was worth a try.} Be8 80. Bd1) 79... Kc7 $19 80. Bg4 Be8 81. Bd1 (81. Be2 $142) 81... f5 82. Be2 Bf7 (82... Kd7 $19 83. Kf1 Ke7) 83. Rf1 ({White should try} 83. Rg3) 83... Kd7 {Black is more active.} (83... g5 $142 84. Rg1 g4) 84. Kd2 (84. f4 $17 {was necessary.}) 84... Kc7 $2 (84... g5 $19 {Strongly threatening ...Ke7.} 85. Rg1 g4) 85. f3 $2 (85. Ke1 $11) 85... exf3 86. Rxf3 {[#]} g5 $1 87. Rxf5 Bh5 88. Rxg5 Bxe2 89. Rg7+ Kd8 90. Rg8+ Ke7 91. Rg7+ Kf6 92. Rd7 Bg4+ {Weighted Error Value: White=0.22 (precise) /Black=0.20 (precise)} 0-1

[Event "ESP-ch Teams Primera 2022"]
[Site "Sanxenxo Pontevedra"]
[Date "2022.09.23"]
[Round "7.15"]
[White "Almagro Llamas, Pablo"]
[Black "Alonso Moyano, Jonathan"]
[Result "1-0"]
[ECO "A27"]
[WhiteElo "2407"]
[BlackElo "2348"]
[Annotator "TA"]
[PlyCount "101"]
[EventDate "2022.09.17"]
[EventType "team-tourn"]
[EventCountry "ESP"]
[SourceTitle "playchess.com"]
[Source "ChessBase"]
[SourceQuality "1"]
[TimeControl "5400+30"]

1. c4 e5 2. Nc3 Nc6 3. Nf3 f5 4. d4 e4 5. d5 exf3 6. dxc6 fxg2 7. cxd7+ Qxd7 8. Qxd7+ Bxd7 9. Bxg2 O-O-O 10. Be3 {[%emt 0:03:50] A27: English Opening: Three Knights Variation.} a6 11. O-O-O Nf6 12. Bd4 {[%emt 0:23:08] The position is equal.} Be7 13. Nd5 Nxd5 14. Bxd5 c6 15. Bf3 Rhg8 16. h4 Be6 17. b3 {[%emt 0:00:54] [#]} g6 $146 ({Predecessor:} 17... c5 18. Be3 Rxd1+ 19. Kxd1 Bd6 20. Rg1 Rd8 21. Kc1 Rd7 22. Bd2 Be5 23. Be3 Bd6 24. Bd2 Be5 25. Be3 Bd6 {½-½ (25) Staller,P (2244)-Weise,M (2171) Germany 2011}) 18. e3 Rd7 19. Bb6 Rf8 20. Rxd7 Bxd7 21. Bd4 Bd6 22. Kd2 c5 23. Bg7 Rf7 24. Bh6 f4 {[%emt 0:02:01] aiming for ...fxe3+.} 25. e4 Bf8 (25... b5 {keeps more tension.} 26. h5 bxc4 27. Be2 cxb3 28. Bxa6+ Kc7) 26. Bxf8 Rxf8 $14 {[%emt 0:00:02][%mdl 4096] Endgame KRB-KRB} 27. Rg1 Bc6 28. Rg5 {[%emt 0:01:21] White leaves nothing to chance now.} b6 29. h5 gxh5 (29... Kc7 $142) 30. Rxh5 $16 Re8 31. Bg4+ Kb8 (31... Kd8 $16) 32. f3 $18 (32. Rxh7 $6 Rxe4 33. Kc3 Rd4 $14) 32... Rg8 {[%emt 0:01:22][%cal Oc6e4] [#]} 33. Kd3 (33. Rxh7 $6 Bxe4 34. Rf7 (34. fxe4 Rxg4 35. Rf7 Rg2+ 36. Kc3 Rxa2 $11) 34... Rd8+ 35. Kc1 Bc6 $14) 33... Rd8+ 34. Ke2 Rg8 35. Rh4 h5 (35... b5 $16 {was worth a try.} 36. Bh3 (36. Rxh7 bxc4 37. e5 cxb3 $16) 36... Kb7 37. Rxh7+ (37. Rxf4 Rg1 $16) 37... Kb6) 36. Bh3 (36. Bxh5 Rh8 $17) (36. Rxh5 $6 Bxe4 37. fxe4 Rxg4 $16) 36... Rg1 {[%emt 0:02:26] [#]} 37. Bf1 $1 (37. Rxf4 Ra1 $14) (37. Rxh5 Rh1 $16) 37... Kc7 38. Rxf4 ({Resist} 38. Rxh5 $6 Rg6 39. Rh4 Rf6 $16) 38... Rg7 39. Rh4 Rh7 (39... Be8 {was called for.} 40. Ke3 b5) 40. Ke3 b5 41. f4 Kb6 $2 (41... Re7 42. f5 (42. Rxh5 Rxe4+ 43. Kd2 Rxf4 $11) 42... Kd7) 42. Be2 {[%emt 0:01:18] White is clearly winning.} Be8 43. f5 Ka5 44. e5 Rg7 45. f6 Rg3+ 46. Bf3 Bf7 47. Kf4 Rg1 48. Bd5 Bg6 49. e6 Kb4 50. Ke5 Ka3 51. f7 {[%emt 0:00:11] Weighted Error Value: White=0.06 (flawless) /Black=0.31} 1-0

[Event "ESP-ch Teams Primera 2022"]
[Site "Sanxenxo Pontevedra"]
[Date "2022.09.23"]
[Round "7.16"]
[White "Martinez Ramirez, Erik"]
[Black "Garcia Cuenca, Victor"]
[Result "1-0"]
[ECO "B81"]
[WhiteElo "2181"]
[BlackElo "2369"]
[Annotator "TA"]
[PlyCount "61"]
[EventDate "2022.09.17"]
[EventType "team-tourn"]
[EventCountry "ESP"]
[SourceTitle "playchess.com"]
[Source "ChessBase"]
[SourceQuality "1"]
[TimeControl "5400+30"]

1. e4 c5 2. Nf3 e6 3. d4 cxd4 4. Nxd4 Nf6 5. Nc3 d6 6. g4 h6 7. h4 Nc6 8. Rg1 h5 9. gxh5 Rxh5 10. Bg5 Rh8 11. Qd2 Qb6 {[%emt 0:00:39][%csl LRb2,LRd4] B81: Sicilian Scheveningen: Keres Attack.} 12. Nxc6 bxc6 13. O-O-O {[%emt 0:00:20] [#]} Rb8 $146 {[%emt 0:04:15][%csl Gb8][%cal Rb6b2] White is slightly better.} ({Predecessor:} 13... e5 14. Bc4 Rb8 15. Bb3 Be6 16. f4 exf4 17. Bxf4 Bxb3 18. axb3 Rd8 19. Qe2 Nd7 {1-0 (33) Chan,T-Yeung,C (1552) ICCF email 2007}) 14. b3 d5 (14... e5 $14) 15. exd5 $16 Nxd5 16. Na4 ({White should play} 16. Kb1 $16) 16... Ba3+ (16... Qc7 $11) 17. Kb1 Qb4 18. Qxb4 {[%emt 0:01:37] Dancing on a razor blade.} Bxb4 19. c4 Ne7 20. Bf4 $40 {[%emt 0:08:51][%mdl 128] White has some attack.} (20. Kb2 $16) 20... Rb7 $11 21. Rxg7 Rxh4 22. Bg5 {[%emt 0:01:53][%cal Bf4g5,Bg5f6,Bf6e5][%mdl 32] White wants to mate with Rg8+.} Rh8 {[%emt 0:00:09] Prevents Rg8+.} 23. Bf6 {[%emt 0:02:14] White wants to play Rg1.} Rd7 24. Rxd7 (24. Bd3 {seems wilder.} Rh3 25. Nb2 Bb7 26. Be4) 24... Bxd7 25. Bd3 c5 26. Nc3 Ng8 (26... Bxc3 $11 27. Bxc3 Rh1+ 28. Kb2 Rh2) 27. Be5 $16 {[%emt 0:00:02] Threatens to win with Ne4. White is much more active.} f6 {[%emt 0:00:21] [#]} (27... Bc6 $16) 28. Bc7 $2 ({Stronger than} 28. Bg6+ Kd8 29. a3 Ba5 $15) (28. Ne4 $1 $18 Rh1+ 29. Kb2 fxe5 30. Rxg8+ Ke7 31. a3) 28... Ne7 $14 29. Bd6 Nc8 (29... Bxc3 $14 30. Rxe7+ Kd8) 30. Ne4 $18 Nxd6 31. Nxd6+ {[%emt 0:00:39] Weighted Error Value: White=0.23 (precise) /Black=0.37} 1-0

[Event "ESP-ch Teams Primera 2022"]
[Site "Sanxenxo Pontevedra"]
[Date "2022.09.23"]
[Round "7.17"]
[White "Guadamuro Torrente, Anabel"]
[Black "Bosque Ortega, Xavier"]
[Result "1-0"]
[ECO "B15"]
[WhiteElo "2102"]
[BlackElo "2164"]
[Annotator "TA"]
[PlyCount "73"]
[EventDate "2022.09.17"]
[EventType "team-tourn"]
[EventCountry "ESP"]
[SourceTitle "playchess.com"]
[Source "ChessBase"]
[SourceQuality "1"]
[TimeControl "5400+30"]

1. e4 c6 2. d4 d5 3. Nc3 g6 4. h3 Bg7 5. Nf3 dxe4 6. Nxe4 Nf6 7. Nxf6+ exf6 8. Bc4 O-O 9. O-O {[%emt 0:00:15] Active counter play!} b5 {[%emt 0:04:23] [#] B15: Caro-Kann: 3 Nc3: 3...g6 and 3...dxe4 4 Nxe4 Nf6 5 Nxf6+ exf6.} 10. Be2 $146 ({Predecessor:} 10. Bb3 Nd7 11. c3 Nb6 12. Re1 a5 13. Bc2 a4 14. Bd2 Be6 15. b3 Re8 16. Rb1 Bf8 17. Be4 {0-1 (65) Gledura,B (2652)-Niemann,H (2642) Chess.com INT 2022}) 10... Bb7 11. a4 a6 {[%emt 0:08:17] White is slightly better.} 12. Bf4 Nd7 13. a5 Re8 14. c4 Nf8 15. Be3 Ne6 16. d5 cxd5 17. cxb5 d4 18. Bxd4 axb5 (18... Nxd4 $11 19. Nxd4 f5) 19. Bb6 $16 Qe7 20. Bxb5 Red8 $2 {[%emt 0:02:43] [#] A mistake that costs the game.} 21. Bxd8 $18 Rxd8 22. Qe2 Qc5 23. a6 Bxf3 24. Qxf3 ({But not} 24. gxf3 $2 Nf4 25. Rfd1 Nxe2+ $19) 24... Nd4 25. Qb7 Qxb5 26. Qxb5 Nxb5 27. a7 (27. Rfd1 $18 Ra8 28. Ra5) 27... Ra8 $16 {[%emt 0:00:51] [#]} 28. Ra5 Nxa7 29. Rfa1 (29. Rd1 $18) 29... Rb8 30. Rxa7 {[%emt 0:00:06] Strongly threatening Ra8.} Rxb2 $18 {[%emt 0:00:45][%mdl 4096] Endgame KRR-KRB} 31. Rd1 Bf8 $2 (31... Rb8 32. Rdd7 Rf8) 32. Rd8 Kg7 33. Rdd7 Kh6 34. Rxf7 Bc5 (34... Bd6 $142 35. Rxh7+ Kg5 36. Ra5+ f5) 35. Rxh7+ Kg5 36. Ra5 Rc2 37. Rc7 {[%emt 0:00:07] Weighted Error Value: White=0.17 (very precise) /Black=0.37} 1-0

[Event "ESP-ch Teams Primera 2022"]
[Site "Sanxenxo Pontevedra"]
[Date "2022.09.23"]
[Round "7.18"]
[White "Castillo Escario, Yolanda"]
[Black "Recuenco Andres, Javier"]
[Result "1-0"]
[ECO "B32"]
[WhiteElo "2035"]
[BlackElo "1925"]
[Annotator "TA"]
[PlyCount "89"]
[EventDate "2022.09.17"]
[EventType "team-tourn"]
[EventCountry "ESP"]
[SourceTitle "playchess.com"]
[Source "ChessBase"]
[SourceQuality "1"]
[TimeControl "5400+30"]

1. e4 c5 2. Nf3 Nc6 3. d4 cxd4 4. Nxd4 e5 5. Nb5 a6 6. Nd6+ Bxd6 7. Qxd6 Qe7 8. Qxe7+ {[%emt 0:04:31] is cutting edge theory.} Ngxe7 9. c4 {[%emt 0:00:06] Prevents d5. B32: Sicilian: Löwenthal and Kalashnikov Variations.} Nb4 {[%emt 0:03:44] [#] White must now prevent ...Nc2+.} 10. Na3 {[%emt 0:03:38] [#] Against Nc2+} f5 $146 ({Predecessor:} 10... Nec6 11. Be3 d6 12. Rd1 O-O 13. Rxd6 Nxa2 14. Be2 Be6 15. O-O Rfd8 16. Rfd1 Rxd6 17. Rxd6 {1-0 (38) Kelbl,J (1214)-Bouguern,A (1160) LSS email 2008}) 11. Bd2 {[%emt 0:03:10] White is slightly better.} Nec6 12. f3 fxe4 13. fxe4 Rf8 14. Be2 d6 15. Rf1 (15. Rd1 $11) 15... Be6 16. Rxf8+ Kxf8 17. Be3 Ke7 18. Kd2 Rf8 19. Nc2 (19. Kc3 $11) 19... Nxc2 $1 $15 20. Kxc2 Na5 (20... Nd4+ $17 21. Bxd4 exd4) 21. b3 $11 Rc8 22. Kd2 Bxc4 $2 23. bxc4 Nxc4+ 24. Bxc4 Rxc4 {[%emt 0:00:10][%mdl 4096] Endgame KRB-KR} 25. Rc1 (25. Kd3 $16 b5 26. a3) 25... Rb4 (25... Rxe4 $14 26. Rc7+ Kf6) 26. a3 ({White should try} 26. Rc7+ $18 Kf8 27. a3 Rb2+ 28. Kd3) 26... Rb3 $2 (26... Rxe4 $16 {was called for.} 27. Rc7+ Kf6) 27. Rc3 Rxc3 (27... Rb2+ 28. Rc2 Rxc2+ 29. Kxc2 Kd7) 28. Kxc3 $18 {[%emt 0:00:04] KB-KP} Kd7 29. a4 Kc6 (29... b5 $142 30. axb5 axb5) 30. a5 d5 31. exd5+ Kxd5 32. Kd3 {[%emt 0:01:57] [#] aiming for Bb6.} e4+ 33. Kc3 g6 34. h3 h5 35. g3 {[%emt 0:00:44] White mates.} Ke5 36. Kc4 Ke6 37. Kd4 Kf5 38. Kc5 Ke6 39. Kb6 Kd5 40. Kxb7 Kc4 41. Kxa6 Kd3 42. Bb6 Ke2 43. Kb5 Kf3 44. a6 Kxg3 45. a7 {[%emt 0:00:04] Weighted Error Value: White=0.21 (precise) /Black=0.58} 1-0

[Event "ESP-ch Teams Primera 2022"]
[Site "Sanxenxo Pontevedra"]
[Date "2022.09.23"]
[Round "7.19"]
[White "Laiz Ibanez, Hector"]
[Black "Bjerre, Jonas Buhl"]
[Result "0-1"]
[ECO "E46"]
[WhiteElo "2327"]
[BlackElo "2598"]
[Annotator "TA"]
[PlyCount "78"]
[EventDate "2022.09.17"]
[EventType "team-tourn"]
[EventCountry "ESP"]
[SourceTitle "playchess.com"]
[Source "ChessBase"]
[SourceQuality "1"]
[TimeControl "5400+30"]

1. d4 Nf6 2. c4 e6 3. Nc3 Bb4 4. e3 O-O 5. Bd2 c5 6. a3 {E46: Nimzo-Indian: Rubinstein: 4 e3 0-0 5 Ne2 without early Bd3.} Bxc3 7. Bxc3 Ne4 8. Rc1 {The position is equal.} b6 9. Nf3 Bb7 10. Be2 d6 11. O-O Nxc3 12. Rxc3 Nd7 13. dxc5 Nxc5 14. Nd4 $1 {[#]} e5 $146 ({Predecessor:} 14... Ne4 15. Rc1 Qe7 16. Bf3 Rfd8 17. Qc2 Nf6 18. Nc6 Bxc6 19. Bxc6 Rac8 20. Bb5 Nd7 21. Bxd7 Rxd7 {½-½ (30) Makhmutov,R (2416)-Bocharov,D (2524) Cheliabinsk 2020}) 15. Nb5 Qg5 (15... Bc6 $11) 16. Bf3 (16. f3 $16) 16... e4 $11 17. Be2 {next b4 is good for White.} Rfd8 18. Nc7 Rac8 19. Nd5 b5 20. Qd4 (20. Nf4 $11 {keeps the balance.}) 20... bxc4 $1 $17 21. Bxc4 Ne6 $1 22. Qd2 {[#]} Rxc4 $1 23. Rxc4 Bxd5 24. Ra4 Bb3 25. Rxa7 d5 ({Black should try} 25... Nc5 $17 26. Qa5 g6) 26. Qa5 (26. Qb4 $15 {deserves consideration.} Bc4 27. Re1) 26... h5 27. Ra8 Rxa8 28. Qxa8+ Kh7 {Active counter play!} 29. Qb7 Bc4 {White must now prevent ...Be2.} 30. Re1 {Prevents Be2.} Qf5 ({Better is} 30... h4 {( -> ...h3)} 31. h3 f5) 31. a4 $2 {White does not recover from this.} (31. Qb4 $17) 31... Nc5 $40 {[%csl LRa4,LRb7][%mdl 128] Black has strong attack.} 32. Qb8 (32. Qc7 Nd3 33. Rf1) 32... Nd3 33. Rf1 Ne5 34. Re1 d4 35. b3 Bd5 {Hoping for ...Qg5.} 36. exd4 $2 {[#]} (36. h3 $19 Qg5 37. Kh2) 36... Nd3 (36... e3 $142 $1 37. fxe3 {[#]} Qe4 $1 38. Re2 Qb1+ 39. Kf2 Nd3+ 40. Kg3 Qf1 41. Qc8 Qxe2 42. Qf5+ g6 43. Qxd3 Qxd3 44. Kf4 Qe4+ 45. Kg3 Qxe3+ 46. Kh4 Qf4+ 47. Kh3 Qg4#) 37. Rf1 Nf4 38. Qe5 Qg4 39. g3 Ne2+ {Weighted Error Value: White=0.87/Black=0.30} 0-1

[Event "ESP-ch Teams Primera 2022"]
[Site "Sanxenxo Pontevedra"]
[Date "2022.09.23"]
[Round "7.20"]
[White "Andersen, Mads"]
[Black "Abal Cores, Lucas"]
[Result "1-0"]
[ECO "A89"]
[WhiteElo "2597"]
[BlackElo "2291"]
[Annotator "TA"]
[PlyCount "99"]
[EventDate "2022.09.17"]
[EventType "team-tourn"]
[EventCountry "ESP"]
[SourceTitle "playchess.com"]
[Source "ChessBase"]
[SourceQuality "1"]
[TimeControl "5400+30"]

1. d4 f5 2. Nf3 Nf6 3. g3 g6 4. Bg2 Bg7 5. O-O d6 6. c4 O-O 7. Nc3 Nc6 8. d5 Ne5 9. Qb3 Nxf3+ 10. exf3 {[%emt 0:00:34] A89: Dutch Defence: Leningrad System: 5 Nf3 0-0 6 0-0 d6 7 Nc3 Nc6.} c5 11. Re1 Rb8 12. a4 {[%emt 0:01:23] White is slightly better.} a6 {[%emt 0:02:56] [#]} 13. Qc2 $146 ({Predecessor:} 13. Bd2 b6 14. Bf1 Bd7 15. f4 Ne8 16. Nd1 Rf7 17. Bc3 Bf8 18. Qc2 Nc7 19. b3 {1-0 (37) Muthaiah,A (2400)-Abal Cores,L (2315) Tornelo INT 2020}) 13... Bd7 14. Bf1 Ne8 15. h4 Nc7 16. Bg5 Rf7 17. Qd2 Qf8 18. h5 gxh5 19. f4 h6 20. Bh4 Bf6 21. Bxf6 Rxf6 22. Qe2 Re8 (22... h4 $14) 23. Qxh5 $16 {[%emt 0:00:33] Black is now going downhill.} Qf7 24. Be2 {[%emt 0:01:43] White has more active pieces.} Qg7 25. Bf3 b6 26. Re3 e5 (26... Kf8 $16 27. Qh4 e6) 27. dxe6 $1 $18 Rfxe6 28. Rd3 Re1+ (28... Kh8 $16 29. Kg2 Qf6) 29. Rxe1 Rxe1+ 30. Kh2 Qf6 31. Nd5 Nxd5 32. Bxd5+ Kg7 33. Rb3 b5 (33... Bxa4 {was necessary.} 34. Rxb6 Re7 35. Rxa6 Bc2) 34. axb5 axb5 35. cxb5 {[%emt 0:01:01] Hoping for b6.} Be6 36. Bxe6 Qxe6 {[%emt 0:00:05][%mdl 4096] Endgame [#] KQR-KQR} 37. Ra3 Re2 $2 (37... Qf7 38. Qf3 Qc4 39. Ra7+ Kg6) 38. Ra7+ Kf8 39. Qf3 Qe4 40. Qxe4 fxe4 {[%emt 0:00:01] KR-KR} 41. b6 e3 42. b7 {[%emt 0:01:17][%cal Rb7b8] [#]} Rxf2+ 43. Kg1 {[%emt 0:00:27][%cal Rb7b8] White mates.} Rxb2 44. Ra8+ Ke7 45. b8=Q Rxb8 46. Rxb8 d5 47. Kf1 d4 48. Ke2 Ke6 49. Rb6+ Kf5 50. Rxh6 {[%emt 0:00:19] Weighted Error Value: White=0.05 (flawless) /Black=0.33} 1-0

[Event "ESP-ch Teams Primera 2022"]
[Site "Sanxenxo Pontevedra"]
[Date "2022.09.23"]
[Round "7.21"]
[White "Torrado Quintela, Julio"]
[Black "Sousa, Andre Ventura"]
[Result "1-0"]
[ECO "B11"]
[WhiteElo "2161"]
[BlackElo "2449"]
[Annotator "TA"]
[PlyCount "79"]
[EventDate "2022.09.17"]
[EventType "team-tourn"]
[EventCountry "ESP"]
[SourceTitle "playchess.com"]
[Source "ChessBase"]
[SourceQuality "1"]
[TimeControl "5400+30"]

1. e4 c6 2. Nc3 d5 3. Nf3 Bg4 4. h3 Bxf3 5. Qxf3 e6 6. d3 Nd7 7. Bd2 Qb6 {[%emt 0:01:03] 7...g6 is a critical line. B11: Caro-Kann: Two Knights Variation.} 8. O-O-O d4 {[%emt 0:00:05] 8...Bd6 is vanishing.} 9. Nb1 {[%emt 0:01:59] [#]} a5 $146 {[%emt 0:01:57] Black is slightly better.} (9... Qa6 $5 10. a3 Ngf6 $11) ({Predecessor:} 9... c5 10. Na3 Ne7 11. g4 Nc6 12. Kb1 Qa6 13. Qg3 Nb6 14. c4 dxc3 15. Bxc3 Nd4 16. Bxd4 cxd4 {1-0 (45) Paramzina,A (2252)-Maltsevskaya,A (2331) Moscow 2021}) 10. c3 (10. Qg3 $11 {keeps the balance.}) 10... c5 (10... e5 $17) 11. c4 $14 a4 12. Na3 Ne7 13. Qg3 Nc6 14. f4 ({Better is} 14. Be2 $14) 14... Nb4 $11 15. Kb1 {[%emt 0:00:06] [#]} ({White should try} 15. Bxb4 $11 cxb4 16. Nb5) 15... Nxa2 $1 $15 16. Nb5 Nb4 17. Na3 Na6 18. Be2 Nc7 19. e5 Rb8 20. Rde1 Qa6 {[%emt 0:01:45] [#]} (20... g6 $11 {remains equal.}) 21. f5 $1 $16 {[%emt 0:00:55] White is more active.} exf5 {[%emt 0:03:14] [#]} (21... b5 $1 $11) 22. Bf3 $2 (22. e6 $1 $18 Nxe6 23. Nb5) 22... Qg6 $15 23. Qf2 Be7 {[%emt 0:05:38] White must now prevent ...0-0.} 24. g4 Nf8 $2 {[%emt 0:24:47][%mdl 8192] White now steadily converts the win.} (24... O-O $15 {stays ahead.}) 25. gxf5 $18 Qa6 26. e6 fxe6 27. Qg3 Rg8 28. Bf4 Rc8 29. Bxc7 Kd7 30. fxe6+ Ke8 31. Nb5 a3 32. Qf4 Nxe6 33. Rxe6 Qxe6 34. Bd5 {[%emt 0:00:30][%mdl 64] Deflection} Qg6 35. Bxg8 {[%emt 0:02:14] Hoping for Re1. This bishop pair is nice.} axb2 36. Qe4 Qa6 {[%emt 0:02:37] ...Ra8 is the strong threat.} 37. Nd6+ {[%emt 0:03:55] White mates.} Kd7 38. Qf5+ Kxc7 39. Qxc8+ Kb6 40. Qxb7+ {[%emt 0:00:09] Weighted Error Value: White=0.43/Black=1.08} 1-0

[Event "ESP-ch Teams Primera 2022"]
[Site "Sanxenxo Pontevedra"]
[Date "2022.09.23"]
[Round "7.22"]
[White "Gomez Dieguez, David"]
[Black "Rodriguez Ferreiros, Andres"]
[Result "1-0"]
[ECO "C02"]
[WhiteElo "2332"]
[BlackElo "2110"]
[Annotator "TA"]
[PlyCount "89"]
[EventDate "2022.09.17"]
[EventType "team-tourn"]
[EventCountry "ESP"]
[SourceTitle "playchess.com"]
[Source "ChessBase"]
[SourceQuality "1"]
[TimeControl "5400+30"]

1. e4 e6 2. d4 d5 3. e5 c5 4. c3 Nc6 5. Nf3 Bd7 6. Bd3 cxd4 {[%emt 0:02:09] C02: French: Advance Variation.} 7. O-O {[%emt 0:02:11] is cutting edge theory.} Qb6 8. Re1 h6 {[%emt 0:08:12] Black is slightly better.} 9. Nbd2 {[%emt 0:11:23] [#]} g5 $146 ({Black should try} 9... Nge7 $11) ({Predecessor:} 9... dxc3 10. bxc3 Nge7 11. Rb1 Qc7 12. c4 dxc4 13. Nxc4 Nd5 14. Qb3 Bb4 15. Nd6+ Kf8 {0-1 (46) Lyell,M (2108)-Borsuk,K (2432) Budapest 2021}) 10. Nb3 Bg7 (10... dxc3 $11 {remains equal.} 11. bxc3 Qc7) 11. cxd4 Nge7 12. h4 (12. Nc5 $16) 12... g4 $14 13. Nh2 h5 14. Be3 f6 15. Rc1 O-O-O (15... fxe5 $14 16. dxe5 Qb4) 16. Nc5 $18 fxe5 (16... Kb8 $142) 17. dxe5 (17. Bg5 e4 18. Bxe7 Bxd4 $11) 17... Bxe5 (17... d4 $142 18. Bg5 Rhe8) 18. Nxd7 Bxh2+ 19. Kxh2 Qc7+ 20. g3 Kxd7 21. b4 Qb8 22. Kg2 {[%emt 0:08:59][%mdl 1024] White has strong compensation.} Rhf8 (22... a6 $142 23. Bb6 Rdf8) 23. Bc5 {[%emt 0:02:02] aiming for Qe2.} Rf3 (23... b6 $2 24. Bxe7 (24. Qe2 e5 $16) 24... Kxe7 25. Rxc6 $18) 24. Be4 {[%emt 0:05:08] A strong pair of Bishops.} ({Worse is} 24. Bb5 Nf5 $11) 24... Rf6 25. b5 {[%emt 0:01:46] The board is on fire.} Ke8 $2 (25... Na5 26. Qd2 b6) 26. bxc6 $2 (26. Bb1 $18) 26... dxe4 $16 27. Qa4 {[%emt 0:00:50] Hoping for c7+. White is more active.} Nxc6 28. Qxe4 {[%emt 0:00:45] Strongly threatening Qh7.} Qc7 {[%emt 0:00:49] [#] Against Qh7} (28... Rd7 $142) 29. Rc2 ({Better is} 29. Bd4 $1 $16 Rxd4 30. Qxd4 Qxg3+ 31. fxg3 Nxd4 32. Rc7) 29... Qd7 {[%emt 0:00:53] [#]} (29... Qf7 $11) 30. Be3 $1 {[%emt 0:00:58] And now Bg5 would win.} Qd5 (30... Qg7 $16) 31. Bg5 $18 {[%emt 0:00:20][%mdl 64] Skewer} Qxe4+ 32. Rxe4 Kf7 (32... Rd4 $2 33. Rxd4 Nxd4 34. Rc8+ Kf7 35. Rc7+ Kg6 36. Bxf6 Kxf6 37. Rxb7 $18) 33. Bxf6 Kxf6 {[%emt 0:00:01][%mdl 4096] Endgame KRR-KRN} 34. Rc5 e5 35. Re2 {[%emt 0:01:18] Inhibits Rd2.} Kf5 36. Rb2 Rd7 37. f3 gxf3+ 38. Kxf3 Rd3+ 39. Kf2 Kg4 {[%emt 0:00:57] A mistake that costs the game.} (39... Nd4 $16) 40. Rxb7 Rf3+ 41. Ke1 Nd4 $2 (41... Rf6 {is a better defense.} 42. Rc3 (42. Rc7 Nd4 $18) 42... Nd4 43. Rxa7 Nf3+ 44. Kd1 Kxg3) 42. Rg7+ {[%emt 0:01:27] White is clearly winning.} Kf5 (42... Kh3 $142 43. Rxe5 Nf5) 43. Rf7+ Ke4 44. Rxf3 Kxf3 45. Rxe5 {[%emt 0:00:18] Weighted Error Value: White=0.38/Black=0.65} 1-0